 Dungeon Crawl Stone Soup version 0.22-a0-362-g535178c (webtiles) character file.

369 Amnesiac the Covered (level 6, 0/38 HPs)
             Began as a Deep Elf Fighter on Apr 21, 2018.
             Succumbed to an adder's poison
             ... on level 5 of the Dungeon.
             The game lasted 00:04:41 (2892 turns).

Amnesiac the Covered (Deep Elf Fighter)             Turns: 2892, Time: 00:04:42

Health: 0/38       AC: 13    Str: 15    XL:     6   Next: 41%
Magic:  8/8        EV:  5    Int: 13    God:
Gold:   145        SH:  8    Dex: 14    Spells: 5/5 levels left

rFire    + . .     SeeInvis +   b - +1 short sword (drain)
rCold    . . .     Gourm    .   c - +0 shield
rNeg     . . .     Faith    .   i - +0 chain mail
rPois    .         Spirit   .   u - +0 helmet
rElec    .         Reflect  .   (no cloak)
rCorr    .         Harm     .   (no gloves)
MR       .....                  s - +2 pair of boots
Stlth    ..........             (no amulet)
HPRegen  0.12/turn              r - ring of protection from fire
MPRegen  0.11/turn              j - ring of see invisible

@: lethally poisoned (0 -> -1), very slightly contaminated, invisible
A: no striking features
a: no special abilities


You were on level 5 of the Dungeon.
You were not hungry.

You visited 1 branch of the dungeon, and saw 5 of its levels.

You collected 145 gold pieces.

Inventory:

Hand Weapons
 a - a +0 war axe
 b - a +1 short sword of draining (weapon)
Missiles
 h - 38 arrows
Armour
 c - a +0 shield (worn)
 i - a +0 chain mail (worn)
 s - a +2 pair of boots (worn)
 u - a +0 helmet (worn)
Jewellery
 g - an uncursed ring of fire
 j - a ring of see invisible (right hand)
 r - a ring of protection from fire (left hand)
Wands
 t - a wand of digging (10)
Scrolls
 e - 2 scrolls of enchant weapon {!r, unknown}
 k - a scroll of magic mapping {!r, unknown}
 m - a scroll of amnesia {!r, unknown}
 n - a scroll of noise {!r, unknown}
 p - 2 scrolls of teleportation {!r, unknown}
 v - 2 scrolls of remove curse {!r, unknown}
 y - a scroll of fear {!r}
 z - 2 scrolls of identify {!r}
Potions
 d - 2 potions of might {!q}
 o - a potion of agility {!q}
 q - a potion of flight {!q}
 x - 2 potions of haste {!q}
Comestibles
 f - 4 rations
 l - a chunk of flesh


   Skills:
 + Level 4.0 Fighting
 - Level 2.0 Axes
 - Level 4.0 Armour
 - Level 3.9 Dodging
 - Level 2.4 Shields


You had 5 spell levels left.
You didn't know any spells.

Dungeon Overview and Level Annotations

Branches:
Dungeon (5/15)
 Temple: D:4-7

Altars:
Hepliaklqana
Ru
Sif Muna


Message History

You climb downwards.
Found a ration.
There is a stone staircase leading up here.
You closely miss the adder. You block the adder's attack.
You closely miss the adder. The adder bites you.
* * * LOW HITPOINT WARNING * * *
You block the adder's attack.
Your chain mail prevents you from hitting the adder.
The adder bites you but does no damage. The adder bites you.
* * * LOW HITPOINT WARNING * * *
You are poisoned.
The adder poisons you!
You miss the adder.
You feel sick. You block the adder's attack. The adder bites you.
* * * LOW HITPOINT WARNING * * *
You sense an unholy aura.
b - a +1 short sword of draining (weapon)
You block the adder's attack.
You puncture the adder!
The adder is heavily wounded.
You feel sick. The adder bites you.
* * * LOW HITPOINT WARNING * * *
You are too injured to fight recklessly!
Evoke which item? (* to show all) (? for menu, Esc to quit)
Okay, then.
Okay, then.
Really quaff
w - a potion of invisibility {!q}?
You fade into invisibility!
The adder bites you.
* * * LOW HITPOINT WARNING * * *
You are very lightly contaminated with residual magic.
You hit the adder but do no damage.
The adder is heavily wounded.
* * * LOW HITPOINT WARNING * * *
You feel sick. You block the adder's attack. x2
Your shield and chain mail prevent you from hitting the adder.
The adder is heavily wounded.
The adder bites you but does no damage. The adder barely misses you.
You hit the adder but do no damage. You drain the adder!
The adder is severely wounded.
The adder barely misses you.
All of the chunks of flesh in your inventory have rotted away.
You strike the helpless adder from behind!
You hit the adder.
The adder is almost dead.
* * * LOW HITPOINT WARNING * * *
You feel sick.
Okay, then.
You barely miss the adder.
The adder is almost dead.
You block the adder's attack.
You catch the helpless adder completely off-guard!
You hit the adder.
You kill the adder!
Your Fighting skill increases to level 4!
* * * LOW HITPOINT WARNING * * *
You feel sick.
There is a stone staircase leading up, spattered with blood here.
You see here an adder corpse.
You butcher the adder corpse.
There is a stone staircase leading up, spattered with blood here.
You see here a chunk of flesh.
l - a chunk of flesh You die...

### ..# #.#
. #.# ...
#.# #
.....###.#.#
....%..@<..#
....########
.


There were no monsters in sight!

Vanquished Creatures
  The ghost of Thaneod the Skirmisher, an amateur VSFi (D:3)
  A hound (D:4)
  An orc priest (D:4)
  A bullfrog skeleton (D:4)
  Jessica (D:2)
  2 adders
  2 oozes
  An adder skeleton (D:4)
  4 worms
  4 dart slugs (D:1)
  A leopard gecko (D:3)
  8 orcs (D:4)
  3 bats
  5 giant cockroaches
  6 goblins
  11 hobgoblins
  12 jackals
  3 quokkas
  8 frilled lizards
  8 kobolds
  6 rats
89 creatures vanquished.

Notes
Turn   | Place    | Note
-------+----------+-------------------------------------------
     0 | D:1      | Amnesiac the Deep Elf Fighter began the quest for the Orb.
     0 | D:1      | Reached XP level 1. HP: 13/13 MP: 3/3
   344 | D:1      | Reached skill level 1 in Dodging
   394 | D:1      | Reached XP level 2. HP: 11/18 MP: 4/4
   669 | D:1      | Reached XP level 3. HP: 22/22 MP: 5/5
  1055 | D:2      | Found a hazy altar of Hepliaklqana.
  1230 | D:2      | Noticed Jessica
  1241 | D:2      | Reached XP level 4. HP: 20/27 MP: 6/6
  1242 | D:2      | Killed Jessica
  1421 | D:2      | Found a sacrificial altar of Ru.
  1666 | D:3      | Noticed Thaneod's ghost (amateur VSFi)
  1916 | D:3      | Killed Thaneod's ghost
  1916 | D:3      | Reached XP level 5. HP: 28/32 MP: 7/7
  2471 | D:3      | Found a deep blue altar of Sif Muna.
  2593 | D:4      | Reached XP level 6. HP: 25/38 MP: 8/8
  2874 | D:5      | Entered Level 5 of the Dungeon
  2885 | D:5      | HP: 1/38 [poisoned by an adder]
  2892 | D:5      | Succumbed to an adder's poison

Vault maps used:
D:1:      minmay_arrival_solitary_statue
D:2:      old_standard_altar, marbit_many_paths, uniq_jessica
D:3:      lemuel_blue_sif_altar
D:4:      kennysheep_spiral_hall, gammafunk_temple_overflow_claw,
          kennysheep_little_box, lemuel_doored_altar, serial_shops, shop,
          serial_glass, glass_columns_c, glass_columns_c, uniq_duvessa
D:5:      first_ration

Skill      XL: |  1  2  3  4  5  6 |
---------------+-------------------+-----
Axes           | 2 |  2.0
Dodging        | 1 2 3 |  3.9
Armour         | 3 4 |  4.0
Fighting       | 3 4 |  4.0
Shields        | |  2.4

Action                   |  1- 3 |  4- 6 || total
-------------------------+-------+-------++-------
Melee: War axe           |   141 |   176 ||   317
       Short sword       |       |     7 ||     7
  Use: Scroll            |       |     7 ||     7
       Potion            |       |     4 ||     4
 Stab: Invisible         |       |     2 ||     2
  Eat: Chunk             |     1 |     6 ||     7
Armor: Scale mail        |    18 |       ||    18
       Chain mail        |    75 |   126 ||   201
Dodge: Dodged            |    30 |    44 ||    74
Block: Shield            |    71 |    83 ||   154

Table legend:
 A = Spawn XP
 B = Non-spawn XP
 C = Spawn XP percentage of total XP
 D = Spawn monster count
 E = Non-spawn monster count
 F = Spawn count percentage of total count
 G = Total turns spent on level
                    A         B        C        D         E        F      G
               +---------+---------+-------+---------+---------+-------+---------
         Total |       0 |     528 |   0.0 |       0 |      89 |   0.0 |  2892
               +---------+---------+-------+---------+---------+-------+---------
           D:1 |       0 |      51 |   0.0 |       0 |      22 |   0.0 |  1005
           D:2 |       0 |     105 |   0.0 |       0 |      33 |   0.0 |   649
           D:3 |       0 |     201 |   0.0 |       0 |      20 |   0.0 |   907
           D:4 |       0 |     157 |   0.0 |       0 |      13 |   0.0 |   313
           D:5 |       0 |      14 |   0.0 |       0 |       1 |   0.0 |    18
               +---------+---------+-------+---------+---------+-------+---------
